 Dungeon Crawl Stone Soup version 0.29-a0-218-gf2abdc9806 (webtiles) character file.

Game seed: 13568042980614136812

57 Aksej the Skirmisher (level 3, -2/31 HPs)
             Began as a Demonspawn Monk on Feb 25, 2022.
             Slain by Jessica
             ... wielding a +0 club
              (3 damage)
             ... on level 2 of the Dungeon.
             The game lasted 00:01:56 (1750 turns).

Aksej the Skirmisher (Demonspawn Monk)              Turns: 1750, Time: 00:01:57

Health: -2/31      AC:  3    Str: 11    XL:     3   Next: 73%
Magic:  3/3        EV: 13    Int: 11    God:
Gold:   14         SH:  0    Dex: 17    Spells: 2/2 levels left

rFire   . . .      SeeInvis .   a - +0 mace
rCold   . . .      Faith    .   (no shield)
rNeg    . . .      Spirit   .   b - +1 robe
rPois   .          Reflect  .   (no helmet)
rElec   +          Harm     .   (no cloak)
rCorr   .          Rampage  .   (no gloves)
Will    .....                   (no boots)
Stlth   ++........              (no amulet)
HPRegen 0.10/turn               (no ring)
MPRegen 0.08/turn               (no ring)

@: lethally poisoned (-2 -> -4)
A: foul stench 2, robust 1, electricity resistance
a: no special abilities


You were on level 2 of the Dungeon.
You visited 1 branch of the dungeon, and saw 2 of its levels.

You collected 36 gold pieces.
You spent 22 gold pieces at shops.

Inventory:

Hand Weapons
 a - a +0 mace (weapon)
Armour
 b - a +1 robe (worn)


   Skills:
 * Level 3.5 Fighting
 + Level 3.4 Maces & Flails
 + Level 3.1 Dodging
 + Level 2.1 Stealth


You had 2 spell levels left.
You didn't know any spells.
Your spell library was empty.

Dungeon Overview and Level Annotations

Branches:
Dungeon (2/15)

Altars:

Shops:
D:1 ?

Annotations:
D:2 Jessica


Innate Abilities, Weirdness & Mutations

You sometimes emit foul miasma when damaged in melee.
You are robust. (+10% HP)
You are resistant to electric shocks. (rElec)


Message History

You closely miss the goblin.
You feel sick. The goblin misses you.
You are too injured to fight recklessly!
You are too injured to fight recklessly!
You are too injured to fight recklessly!
You are too injured to fight recklessly!
You feel sick.
The goblin unwields a +2 dagger of venom.
It stops dripping with poison.
The goblin wields a +0 hunting sling.
The goblin shoots a sling bullet.
The sling bullet barely misses you.
There is a large open door here.
You feel sick.
The goblin unwields a +0 hunting sling.
The goblin wields a +2 dagger of venom.
It begins to drip with poison!
The goblin closely misses you.
There is a large open door here.
Things that are here:
a +0 club; a goblin corpse You hit the goblin.
The goblin is severely wounded.
You feel sick. Jessica closely misses you.
The goblin hits you with a +2 dagger of venom.
* * * LOW HITPOINT WARNING * * *
You are more poisoned.
You hit the goblin.
You kill the goblin!
* * * LOW HITPOINT WARNING * * *
You feel sick. Jessica hits you with a +0 club.
* * * LOW HITPOINT WARNING * * *
* * * LOW HITPOINT WARNING * * *
You feel sick. Jessica hits you but does no damage.
Things that are here:
a +2 dagger of venom; a +0 hunting sling; a goblin corpse You hit Jessica.
Jessica is heavily wounded.
* * * LOW HITPOINT WARNING * * *
You feel sick. Jessica barely misses you. Jessica closely misses you.
You closely miss Jessica.
Jessica is heavily wounded.
* * * LOW HITPOINT WARNING * * *
You feel sick. Jessica hits you with a +0 club.
You die...

+#
#....#######
###........#
#........#
#.....)..#
#......[.#
#........#
##'#######
####)####
#..@@...#
#.....).#
#.......#
#.......######
#............#
####.##......#
#....##......#
#....##......#
#....#########


You could see Jessica.

Vanquished Creatures
  A hound (D:2)
  3 endoplasms
  4 goblins
  4 hobgoblins
  4 jackals (D:1)
  3 kobolds
  A quokka (D:1)
  2 ball pythons (D:1)
  A bat (D:1)
  A frilled lizard (D:1)
  A rat (D:1)
25 creatures vanquished.

Notes
Turn   | Place    | Note
-------+----------+-------------------------------------------
     0 | D:1      | Aksej the Demonspawn Monk began the quest for the Orb.
     0 | D:1      | Reached XP level 1. HP: 18/18 MP: 1/1
   200 | D:1      | Gained mutation: You may rarely emit foul miasma when
                  | damaged in melee. [demonic ancestry]
   200 | D:1      | Reached XP level 2. HP: 8/24 MP: 2/2
   655 | D:1      | Found Xocw's Magic Scroll Boutique.
   944 | D:1      | Bought a scroll of identify for 22 gold pieces
  1344 | D:1      | Gained mutation: You are resistant to electric shocks.
                  | (rElec) [potion of mutation]
  1344 | D:1      | Gained mutation: You are robust. (+10% HP) [potion of
                  | mutation]
  1430 | D:2      | Gained mutation: You sometimes emit foul miasma when
                  | damaged in melee. [demonic ancestry]
  1430 | D:2      | Reached XP level 3. HP: 11/31 MP: 3/3
  1722 | D:2      | Noticed Jessica
  1750 | D:2      | HP: 1/31 [poisoned by a goblin]
  1750 | D:2      | Slain by Jessica

Illustrated notes

Levels and vault maps discovered:
D:1:      minmay_arrival_four_loops, layout_loops_ring, serial_shops,
          nicolae_shop_crystal
D:2:      layout_basic, uniq_jessica

Skill      XL: |  1  2 |
---------------+-------+-----
Maces & Flails | 3 |  3.4
Stealth        | 2 |  2.1
Dodging        | 3 |  3.1
Fighting       | |  3.5

Action                   || total
-------------------------++-------
Melee: Mace              ||    97
       Punch             ||     1
  Use: Scroll            ||     3
       Potion            ||     1
Armor: Robe              ||    23
Dodge: Dodged            ||    77

Table legend: (Time is in decaauts)
 A = Elapsed time spent in this place.
 B = Non-inter-level travel time spent in this place.
 C = Inter-level travel time spent in this place.
 D = Time resting spent in this place.
 E = Time spent auto-exploring this place.
 F = Levels seen in this place.
 G = Mean time per level.
                   A        B        C        D        E       F      G
               +--------+--------+--------+--------+--------+-----+--------+
         Total |   1773 |   1752 |     21 |      0 |   1525 |   2 |  886.5 |
       Dungeon |   1773 |   1752 |     21 |      0 |   1525 |   2 |  886.5 |
               +--------+--------+--------+--------+--------+-----+--------+

Top non-repeatable levels by time:
     D:1: 1383 daAuts
     D:2: 390 daAuts
